 Dungeon Crawl Stone Soup version 0.31-a0-1071-gaead2f62b1 (webtiles) character file.

Game seed: 6681159866675335909

454 Jeffwins the Digger (level 6, -2/50 HPs)
             Began as an Armataur Earth Elementalist on Nov 26, 2023.
             Slain by an orc
             ... wielding a +0 dagger
              (4 damage)
             ... on level 4 of the Dungeon.
             The game lasted 00:05:01 (3360 turns).

Jeffwins the Digger (Armataur Earth Elementalist)   Turns: 3360, Time: 00:05:01

Health: -2/50      AC:  5    Str: 14    XL:     6   Next: 76%
Magic:  3/10       EV: 15    Int: 17    God:
Gold:   31         SH:  0    Dex: 16    Spells: 7/11 levels left

rFire   . . .        k - +4 whip
rCold   . . .        (no shield)
rNeg    . . .        a - +0 robe
rPois   .            (no helmet)
rElec   .            z - +0 cloak
rCorr   .            (no gloves)
SInv    .            (no barding)
Will    .....        p - amulet of the acrobat
Stlth   ++           X - +6 ring of dexterity
HPRegen 0.28/turn    E - +5 ring of evasion
MPRegen 0.12/turn

%: acrobat, roll
@: no status effects
A: large, deformed body, tough skin 3, armoured tail, roll 1, long tongue
a: no special abilities


You were on level 4 of the Dungeon.
You visited 1 branch of the dungeon, and saw 4 of its levels.

You collected 145 gold pieces.
You spent 114 gold pieces at shops.


Innate Abilities, Weirdness & Mutations

Armour fits poorly on your strangely shaped body.
You have extremely tough skin. (AC +3)
You have a long armoured tail.
You roll when moving toward enemies. (Rampage)
Your long tongue fully drains potion bottles. (2x potion effects)


   Skills:
 + Level 2.8 Fighting
 - Level 1.3 Dodging
 - Level 2.1 Stealth
 + Level 3.3 Spellcasting
 - Level 0.8 Transmutations
 * Level 5.2 Earth Magic
 + Level 1.3 Evocations


You had 7 spell levels left.
You knew the following spells:

 Your Spells              Type           Power      Damage    Failure   Level
x - Stone Arrow           Conj/Erth      22%        3d8       17%         3
z - Sandblast             Erth           40%        2d10      1%          1

Your spell library contained the following spells:

 Spells                   Type           Power      Damage    Failure   Level
 Passwall                 Tmut/Erth      10%        N/A       8%          2
 Apportation              Tloc           4%         N/A       17%         1
 Necrotise                Necr           8%         1d4       17%         1
 Jinxbite                 Hex            4%         N/A       26%         2
 Static Discharge         Conj/Air       4%         3-4/arc   26%         2
 Petrify                  Tmut/Erth      13%        N/A       43%         4
 Frozen Ramparts          Ice            4%         1d1       45%         3
 Vampiric Draining        Necr           2%         2d6       45%         3
 Brom's Barrelling Bould  Conj/Erth      11%        2d3       50%         4
 Airstrike                Air            1%         2d(1-17)  86%         4
 Summon Lightning Spire   Summ/Air       2%         N/A       86%         4
 Alistair's Intoxication  Tmut/Pois      2%         N/A       98%         5
 Agony                    Necr           2%         N/A       99%         5
 Metabolic Englaciation   Hex/Ice        1%         N/A       99%         5

Inventory:

Hand Weapons
 e - a +0 flail
 k - a +4 whip (weapon)
 o - a +1 scythe of venom
Armour
 a - a +0 robe (worn)
 z - a +0 cloak (worn)
Jewellery
 p - an amulet of the acrobat (around neck)
 E - a +5 ring of evasion (right hand)
 L - a ring of flight
 X - a +6 ring of dexterity (left hand)
Talismans
 q - a serpent talisman
Wands
 t - a wand of flame (26)
Scrolls
 c - a scroll of amnesia {unknown}
 f - 2 scrolls of revelation {unknown}
 i - a scroll of noise {unknown}
 l - 2 scrolls of identify {unknown}
 n - a scroll of blinking {unknown}
 r - a scroll of enchant armour {unknown}
 u - a scroll of vulnerability {unknown}
 v - a scroll of silence {unknown}
 y - a scroll of poison {unknown}
Potions
 b - a potion of magic
 d - 2 potions of attraction {unknown}
 g - 2 potions of mutation {unknown}
 h - 2 potions of haste {unknown}
 j - a potion of curing {unknown}
 m - a potion of heal wounds {unknown}
 s - a potion of ambrosia {unknown}
 w - 2 potions of lignification {unknown}
 x - 2 potions of resistance {unknown}

Dungeon Overview and Level Annotations

Branches:
Dungeon (4/15)
 Temple: D:4-7

Altars:
Ashenzari
Okawaru

Shops:
D:3

* ### ... .(.
#.#####o#
#..o@g#.#
#.###o#.#
###g#<# #.#
#..g).#....#
#.?...g......
#.....#######
#######


You could see 3 gnolls and 2 orcs.


Message History

The gnoll hits you from afar with a +0 halberd.
* * * LOW HITPOINT WARNING * * *
The gnoll closely misses you.
Casting: Sandblast (safe; 1% risk of failure)
Confirm with . or Enter, or press ? or * to list all spells.
Aiming: Sandblast (safe; 1% risk of failure)
Press: ? - help, Shift-Dir - straight line, f - orc
Aim: an orc, wielding a +0 flail (83% to hit)
The blast of sand hits the orc!
You kill the orc!
The orc misses you.
The gnoll hits you from afar with a +0 halberd!
* * * LOW HITPOINT WARNING * * *
The gnoll closely misses you.
Casting: Sandblast (safe; 1% risk of failure)
Confirm with . or Enter, or press ? or * to list all spells.
Aiming: Sandblast (safe; 1% risk of failure)
Press: ? - help, Shift-Dir - straight line, f - orc
Aim: an orc, wielding a +0 falchion and wearing a +0 leather armour (moderately wounded, 83% to hit)
The blast of sand hits the orc.
The orc is heavily wounded.
The orc hits you with a +0 falchion.
* * * LOW HITPOINT WARNING * * *
The orc hits you with a +0 dagger.
* * * LOW HITPOINT WARNING * * *
The gnoll hits you from afar with a +0 halberd!
* * * LOW HITPOINT WARNING * * *
The gnoll hits you but does no damage. The orc closely misses you.
The orc hits you with a +0 dagger.
You die...

Skill      XL: |  1  2  3  4  5  6 |
---------------+-------------------+-----
Earth Magic    | 3 4 5 |  5.2
Spellcasting   | 2 3 |  3.3
Fighting       | 1 2 |  2.8
Evocations     | 1 |  1.3
Dodging        | |  1.3
Stealth        | |  2.1
Transmutations | |  0.8

Action                     |  1- 3 |  4- 6 || total
---------------------------+-------+-------++-------
  Melee: Tailslap          |     2 |       ||     2
         Flail             |     1 |       ||     1
         Whip              |     5 |     4 ||     9
         Punch             |       |     1 ||     1
   Cast: Sandblast         |    50 |    49 ||    99
   Stab: Sleeping          |     1 |       ||     1
 Armour: Robe              |    20 |    35 ||    55
  Dodge: Dodged            |    19 |    28 ||    47

Levels and vault maps discovered:
D:1:      lightli_arrival_quake, layout_basic, columned_hall_lemuel
D:2:      layout_loops_corners, uniq_sigmund
D:3:      layout_loops_ring, lemuel_crystal_altar, grunt_ashenzari_visionary
          [grunt_ashenzari_visionary_swamp, grunt_ashenzari_visionary_snake],
          serial_shops, shop_fountains, roderic_serpentine_path,
          uniq_crazy_yiuf_cottage
D:4:      layout_basic

Notes
Turn   | Place    | Note
-------+----------+-------------------------------------------
     0 | D:1      | Jeffwins the Armataur Earth Elementalist began the quest
                  | for the Orb.
     0 | D:1      | Reached XP level 1. HP: 14/14 MP: 3/3
   137 | D:1      | Reached skill level 3 in Earth Magic
   137 | D:1      | Reached XP level 2. HP: 18/22 MP: 0/4
   236 | D:1      | Reached skill level 2 in Spellcasting
  1423 | D:2      | Reached skill level 1 in Fighting
  1423 | D:2      | Reached XP level 3. HP: 28/28 MP: 3/6
  1427 | D:2      | Learned a level 3 spell: Stone Arrow
  1954 | D:2      | Noticed Sigmund
  1968 | D:2      | Killed Sigmund
  1969 | D:2      | Reached skill level 2 in Fighting
  1969 | D:2      | Reached skill level 4 in Earth Magic
  1969 | D:2      | Reached XP level 4. HP: 19/36 MP: 0/8
  1969 | D:2      | Reached XP level 5. HP: 22/41 MP: 0/9
  2434 | D:3      | Reached skill level 3 in Spellcasting
  2576 | D:3      | Reached XP level 6. HP: 49/49 MP: 8/10
  2694 | D:3      | Found an iron altar of Okawaru.
  3086 | D:3      | Found Koffy's Assorted Antiques.
  3159 | D:3      | Bought a scroll labelled ZIDEAMMOES for 15 gold pieces
  3159 | D:3      | Bought a scroll labelled MEFROCU KIRGHAG for 15 gold pieces
  3159 | D:3      | Bought 2 viscous cyan potions for 27 gold pieces
  3159 | D:3      | Bought 2 inky potions for 27 gold pieces
  3159 | D:3      | Bought a scroll labelled BOK UTOUSKEU for 15 gold pieces
  3159 | D:3      | Bought a scroll labelled OPSESO TESEETI for 15 gold pieces
  3179 | D:3      | Found a broken altar of Ashenzari.
  3184 | D:3      | Saw a vision of the Swamp and the Snake Pit.
  3184 | D:3      | Noticed a swamp dragon
  3184 | D:3      | Noticed an anaconda
  3184 | D:3      | Noticed a spriggan druid
  3184 | D:3      | Noticed a black mamba
  3184 | D:3      | Noticed a tyrant leech
  3184 | D:3      | Noticed a bloated husk
  3184 | D:3      | Noticed an eight-headed hydra
  3184 | D:3      | Noticed a vampire mosquito
  3184 | D:3      | Noticed an alligator
  3184 | D:3      | Noticed a guardian serpent
  3184 | D:3      | Noticed a four-headed hydra
  3185 | D:3      | Noticed a goliath frog
  3185 | D:3      | Noticed a swamp drake
  3186 | D:3      | Noticed a spriggan druid
  3186 | D:3      | Noticed a naga sharpshooter
  3187 | D:3      | Noticed a bog body
  3299 | D:3      | Found a runed translucent door.
  3300 | D:3      | Noticed Crazy Yiuf
  3305 | D:3      | Killed Crazy Yiuf
  3306 | D:3      | Reached skill level 5 in Earth Magic
  3306 | D:3      | Reached skill level 1 in Evocations
  3360 | D:4      | HP: 2/50 [gnoll/+0 halberd (7)]
  3360 | D:4      | Slain by an orc

Vanquished Creatures
  Sigmund (D:2)
  An ogre (D:4)
  Crazy Yiuf (D:3)
  An iguana (D:3)
  6 gnolls (D:3)
  4 adders
  2 worms (D:3)
  A dart slug (D:1)
  2 orcs
  2 ball pythons (D:1)
  6 endoplasms
  A giant cockroach (D:1)
  3 goblins
  4 hobgoblins (D:1)
  2 jackals (D:2)
  A quokka (D:3)
  3 bats (D:1)
  5 frilled lizards
  3 kobolds
  2 rats
51 creatures vanquished.

Table legend: (Time is in decaauts)
 A = Elapsed time spent in this place.
 B = Non-inter-level travel time spent in this place.
 C = Inter-level travel time spent in this place.
 D = Time resting spent in this place.
 E = Time spent auto-exploring this place.
 F = Levels seen in this place.
 G = Mean time per level.
                   A        B        C        D        E       F      G
               +--------+--------+--------+--------+--------+-----+--------+
         Total |   3407 |   3339 |     68 |      0 |   2934 |   4 |  851.8 |
       Dungeon |   3407 |   3339 |     68 |      0 |   2934 |   4 |  851.8 |
               +--------+--------+--------+--------+--------+-----+--------+

Top non-repeatable levels by time:
     D:1: 1197 daAuts
     D:2: 1115 daAuts
     D:3: 1063 daAuts
     D:4: 30 daAuts

Table legend:
 A = Non-vault XP
 B = Vault XP
 C = Vault XP percentage of total XP
 D = Non-vault monster count
 E = Vault monster count
 F = Vault count percentage of total count
                 A         B        C        D         E       F
            +---------+---------+-------+---------+---------+-------
      Total |     371 |     278 |  42.8 |      49 |       2 |   3.9
            +---------+---------+-------+---------+---------+-------
        D:1 |      31 |       0 |   0.0 |      18 |       0 |   0.0
        D:2 |      41 |     239 |  85.4 |      10 |       1 |   9.1
        D:3 |     172 |      39 |  18.5 |      18 |       1 |   5.3
        D:4 |     127 |       0 |   0.0 |       3 |       0 |   0.0
            +---------+---------+-------+---------+---------+-------
